 Dungeon Crawl Stone Soup version 0.27-a0-417-g317cea8a3c (webtiles) character file.

Game seed: 4592036936517821050

205 quinnr the Cudgeller (level 5, -4/44 HPs)
             Began as a Demigod Fighter on Feb 25, 2021.
             Slain by Crazy Yiuf
             ... wielding a +4 quarterstaff of chaos
              (20 damage)
             ... on level 2 of the Dungeon.
             The game lasted 00:04:51 (2762 turns).

quinnr the Cudgeller (Demigod Fighter)              Turns: 2762, Time: 00:04:51

Health: -4/44      AC:  6    Str: 21    XL:     5   Next: 27%
Magic:  7/7        EV:  9    Int: 10    God:
Gold:   59         SH:  4    Dex: 13    Spells: 4/4 levels left

rFire    . . .     SeeInvis .   a - +0 flail
rCold    . . .     Faith    .   o - +0 buckler
rNeg     . . .     Spirit   .   b - +0 scale mail
rPois    .         Reflect  .   (no helmet)
rElec    .         Harm     .   (no cloak)
rCorr    .         Rampage  .   (no gloves)
Will     .....                  (no boots)
Stlth    ..........             (no amulet)
HPRegen  0.14/turn              (no ring)
MPRegen  0.10/turn              (no ring)

@: no status effects
A: high mp 1
a: no special abilities


You were on level 2 of the Dungeon.
You visited 1 branch of the dungeon, and saw 2 of its levels.

You collected 59 gold pieces.

Inventory:

Hand Weapons
 a - a +0 flail (weapon)
Armour
 b - a +0 scale mail (worn)
 c - a +0 kite shield
 h - a +0 pair of gloves
 o - a +0 buckler (worn)
Wands
 i - a wand of random effects (12)
Scrolls
 e - 2 scrolls of amnesia {unknown}
 f - a scroll of fear {unknown}
 k - a scroll of immolation {unknown}
 l - a scroll of identify {unknown}
Potions
 d - a potion of might
 g - a potion of heal wounds {unknown}
 j - a potion of lignification {unknown}
 m - 2 potions of brilliance {unknown}
 n - a potion of flight {unknown}


   Skills:
 + Level 2.9 Fighting
 + Level 5.2 Maces & Flails
 - Level 2.6 Armour
 - Level 2.6 Shields


You had 4 spell levels left.
You didn't know any spells.
Your spell library was empty.

Dungeon Overview and Level Annotations

Branches:
Dungeon (2/15)

Annotations:
D:2 Crazy Yiuf


Innate Abilities, Weirdness & Mutations

You have an increased reservoir of magic. (+10% MP)


Message History

A frilled lizard comes into view.
The frilled lizard hisses angrily.
You hear a shout!
A frilled lizard is nearby!
A kobold comes into view. It is wielding a +0 club.
The kobold shouts!
The frilled lizard bites you but does no damage.
You barely miss the frilled lizard. You block the frilled lizard's attack.
You sock the frilled lizard!
You kill the frilled lizard!
You closely miss the kobold. The kobold barely misses you.
You hit the kobold.
The kobold is severely wounded.
The kobold hits you but does no damage.
You miss the kobold.
The kobold is severely wounded.
The kobold hits you but does no damage.
A kobold is nearby!
You closely miss the kobold.
The kobold is severely wounded.
The kobold hits you but does no damage.
You hit the kobold.
You kill the kobold!
No target in view!
No target in view!
You see here a +0 club.
You see here a frilled lizard corpse.
Found 19 stones.
You now have 59 gold pieces (gained 13).
Crazy Yiuf shouts!
You open the door. You hit Crazy Yiuf.
Crazy Yiuf is lightly wounded.
Crazy Yiuf hits you with a +4 quarterstaff of chaos.
You are electrocuted!
Crazy Yiuf hits you with a +4 quarterstaff of chaos!
You completely miss Crazy Yiuf.
Crazy Yiuf is lightly wounded.
Crazy Yiuf hits you with a +4 quarterstaff of chaos.
You are electrocuted!!
You die...

.###.##..#.###....###########
.....##.#### #....# #......#
.######..#.# ♣....♣ ######.#
.# ##...# ♣...♣♣ #)##### .##
##.## ♣♣.♣♣ #.....> ..#
#####.# ♣.♣♣ #..####
..###...#.# ♣♣.♣ #..#
.(..[)..#.# ♣.♣♣ #..#
...)<.....## ♣♣@♣ ######..##
..####.#...# #g# #........#
### #...#.# ... #...<....#
###...# #...# #........#
######..## #..)# #......>.#
#........# ##### #......#.#
##.####...# #......#.#
##...####.[#### ####......#.#
...#.......)..# #.##.#.####.#


You could see Crazy Yiuf.

Vanquished Creatures
  A phantom (D:2)
  Terence (D:2)
  Robin (D:2)
  3 adders
  An ooze (D:1)
  A dart slug (D:1)
  A leopard gecko (D:1)
  5 giant cockroaches
  7 hobgoblins
  4 jackals
  7 kobolds
  A quokka (D:1)
  2 ball pythons (D:1)
  2 bats (D:2)
  4 frilled lizards
  13 goblins
  8 rats
62 creatures vanquished.

Vanquished Creatures (others)
  11 plants (D:2)
11 creatures vanquished.

Grand Total: 73 creatures vanquished

Notes
Turn   | Place    | Note
-------+----------+-------------------------------------------
     0 | D:1      | quinnr the Demigod Fighter began the quest for the Orb.
     0 | D:1      | Reached XP level 1. HP: 18/18 MP: 3/3
    23 | D:1      | Reached skill level 2 in Maces & Flails
   355 | D:1      | Reached XP level 2. HP: 24/25 MP: 4/4
   507 | D:1      | Reached skill level 3 in Maces & Flails
  1229 | D:1      | Reached XP level 3. HP: 28/30 MP: 5/5
  1479 | D:2      | Noticed Terence
  1487 | D:2      | Killed Terence
  1488 | D:2      | Reached skill level 4 in Maces & Flails
  1613 | D:2      | Noticed Robin
  1644 | D:1      | Reached XP level 4. HP: 25/37 MP: 6/6
  2084 | D:2      | Noticed a phantom
  2100 | D:2      | Killed a phantom
  2101 | D:2      | Reached skill level 5 in Maces & Flails
  2101 | D:2      | Reached XP level 5. HP: 21/42 MP: 7/7
  2388 | D:2      | Found a runed translucent door.
  2389 | D:2      | Noticed Crazy Yiuf
  2448 | D:2      | Killed Robin
  2607 | D:2      | Found a white marble altar of Elyvilon.
  2612 | D:2      | Found a stormy altar of Qazlal.
  2762 | D:2      | Slain by Crazy Yiuf

Illustrated notes

Levels and vault maps discovered:
D:1:      dpeg_arrival_boxes_within_box, layout_basic
D:2:      layout_loops_ring, nicolae_qazlal_eye_of_the_storm,
          overflow_temple_1_default, serial_bayou_pond_a,
          minmay_indecisive_spiral, uniq_crazy_yiuf_cottage, uniq_robin,
          uniq_terence

Skill      XL: |  1  2  3  4 |
---------------+-------------+-----
Maces & Flails | 2 3 4 5 |  5.2
Fighting       | |  2.9
Armour         | |  2.6
Shields        | |  2.6

Action                   |  1- 3 |  4- 6 || total
-------------------------+-------+-------++-------
Melee: Flail             |   130 |    79 ||   209
Armor: Scale mail        |    81 |    40 ||   121
Dodge: Dodged            |    52 |    30 ||    82
Block: Kite shield       |    78 |    44 ||   122
       Buckler           |       |     1 ||     1

Table legend: (Time is in decaauts)
 A = Elapsed time spent in this place.
 B = Non-inter-level travel time spent in this place.
 C = Inter-level travel time spent in this place.
 D = Time resting spent in this place.
 E = Time spent auto-exploring this place.
 F = Levels seen in this place.
 G = Mean time per level.
                   A        B        C        D        E       F      G
               +--------+--------+--------+--------+--------+-----+--------+
         Total |   2862 |   2837 |     25 |    515 |   1750 |   2 | 1431.0 |
       Dungeon |   2862 |   2837 |     25 |    515 |   1750 |   2 | 1431.0 |
               +--------+--------+--------+--------+--------+-----+--------+

Top non-repeatable levels by time:
     D:1: 1691 daAuts
     D:2: 1170 daAuts
